 Dungeon Crawl Stone Soup version 0.29-a0-284-gf9362112df (webtiles) character file.

Game seed: 6929630070657115658

576 spaghetti the Caller (level 6, -2/45 HPs)
             Began as a Demigod Summoner on Mar 24, 2022.
             Slain by Pikel
             ... wielding a +0 whip of freezing
              (4 damage)
             ... on level 5 of the Dungeon.
             The game lasted 00:13:10 (7215 turns).

spaghetti the Caller (Demigod Summoner)             Turns: 7215, Time: 00:13:10

Health: -2/45      AC:  2    Str:  9    XL:     6   Next: 88%
Magic:  11/11      EV: 12    Int: 25    God:
Gold:   242        SH:  0    Dex: 14    Spells: 2/8 levels left

rFire   . . .      SeeInvis .   y - +5 dire flail (holy) {mace}
rCold   . . .      Faith    .   (shield currently unavailable)
rNeg    . . .      Spirit   .   a - +0 robe
rPois   .          Reflect  .   (no helmet)
rElec   .          Harm     .   (no cloak)
rCorr   .          Rampage  .   (no gloves)
Will    .....                   (no boots)
Stlth   ++........              (no amulet)
HPRegen 0.15/turn               (no ring)
MPRegen 0.12/turn               (no ring)

@: no status effects
A: high MP 1, forlorn, divine attributes
a: no special abilities


You were on level 5 of the Dungeon.
You visited 1 branch of the dungeon, and saw 5 of its levels.

You collected 322 gold pieces.
You spent 80 gold pieces at shops.


Innate Abilities, Weirdness & Mutations

You have an increased reservoir of magic. (+10% MP)
You shall have no god before yourself.
Your divine heritage dramatically boosts your attributes as you level up.


   Skills:
 - Level 1.7 Dodging
 - Level 1.7 Stealth
 - Level 1.7 Spellcasting
 + Level 5.7 Summonings
 + Level 2.8 Transmutations
 * Level 4.2 Air Magic


You had 2 spell levels left.
You knew the following spells:

 Your Spells              Type           Power      Damage    Failure   Level
a - Summon Small Mammal   Summ           100%       N/A       1%          1
b - Call Imp              Summ           30%        N/A       1%          2
c - Call Canine Familiar  Summ           30%        N/A       3%          3

Your spell library contained the following spells:

 Spells                   Type           Power      Damage    Failure   Level
 Shock                    Conj/Air       48%        1d6       4%          1
 Ensorcelled Hibernation  Hex/Ice        4%         N/A       17%         2
 Swiftness                Air            23%        N/A       6%          3
 Summon Guardian Golem    Hex/Summ       16%        N/A       11%         3
 Summon Lightning Spire   Summ/Air       27%        N/A       16%         4
 Spider Form              Tmut/Pois      9%         N/A       19%         3
 Airstrike                Air            11%        N/A       21%         4
 Tukima's Dance           Hex            2%         N/A       34%         3
 Anguish                  Hex/Necr       1%         N/A       75%         4
 Enfeeble                 Hex            1%         N/A       100%        7
 Storm Form               Tmut/Air       9%         N/A       100%        7
 Maxwell's Capacitive Co  Air            11%        ∞         100%        8

Inventory:

Hand Weapons
 d - a +0 club {mace}
   (You took it off a goblin on level 1 of the Dungeon)
 f - a +0 dagger of freezing {short}
   (You took it off a goblin on level 1 of the Dungeon)
 r - a +3 dagger of venom {short}
   (You took it off a goblin on level 4 of the Dungeon)
 y - a +5 dire flail of holy wrath (weapon) {mace}
   (You took it off Edmund on level 5 of the Dungeon)
Missiles
 h - 153 stones {throwing}
 s - 3 boomerangs {throwing}
Armour
 a - a +0 robe (worn)
 i - a +0 helmet
   (You found it on level 3 of the Dungeon)
 w - a +0 helmet
   (You found it on level 5 of the Dungeon)
 x - a +0 pair of boots
   (You found it on level 5 of the Dungeon)
Jewellery
 g - the ring of Terudim {Ice rN+ Will+ Str-2 SInv}
   (You found it on level 3 of the Dungeon)

   [ring of ice]

   It enhances your ice magic.
   Str:       It affects your strength (-2).
   rF:        It makes you vulnerable to fire.
   rC:        It protects you from cold.
   rN:        It protects you from negative energy.
   SInv:      It lets you see invisible.
   Will:      It increases your willpower.
Wands
 k - a wand of flame (31)
   (You found it on level 3 of the Dungeon)
Scrolls
 e - 2 scrolls of enchant weapon
 j - a scroll of noise {!r}
 l - a scroll of identify {@r1}
 m - a scroll of magic mapping {!r}
 o - 2 scrolls of vulnerability {!r!r}
 p - a scroll of fog {unknown}
 q - a scroll of immolation {unknown}
 t - a scroll of teleportation {unknown}
Potions
 b - a potion of magic
 n - a potion of resistance
 u - a potion of cancellation {unknown}
 v - a potion of flight {unknown}

Dungeon Overview and Level Annotations

Branches:
Dungeon (5/15)
 Temple: D:4-7

Shops:
D:4 !   D:5 =

Annotations:
D:5 Pikel

#...# .# ###. #.### .# #. .. #.#
.# #. ... #.# ##..# ## ##.# #.#
###... ## ...> .######.# #...
####. ...#
.......h###.########.... ...#
######.K........<....### ##.##
##@#[#########..### .#..#######
##5..# #........
.#.o......#####.).## ##.#####..
.#.######.......).## #..###..#.
..†# ##.........## #.###.#...
.#..## #....)......# ##.# #...#.
8....<. #...........###..# #.#...
.....#..#...............####...#.
.....#.............#.##.# #..#...


You could see Pikel (strong, ally target), a friendly hound (summoned) and a
friendly crimson imp (summoned).


Message History

Your hound bites Edmund but does no damage.
Your crimson imp hits Edmund but does no damage. 😱 HP[-11]
You take 11 damage, and now have 6/45 hp.
MASSIVE DAMAGE!! (PAUSE)
You feel much better.
Edmund hits you with a +5 dire flail of holy wrath!
* * * LOW HITPOINT WARNING * * *
Your hound bites Edmund but does no damage.
Your crimson imp hits Edmund but does no damage. 😨 HP[+13]
You regained 13 hp, and now have 19/45 hp.
You hit Edmund but do no damage.
Edmund looks as sick as possible!
Your hound bites Edmund.
Edmund barely misses you.
Your crimson imp hits Edmund.
You hit Edmund.
Edmund looks as sick as possible!
Your hound bites Edmund but does no damage.
Edmund hits your hound with a +5 dire flail of holy wrath!
Your hound bites Edmund.
Your crimson imp blinks! 😨 MP[+1]
You hit Edmund.
Edmund looks as sick as possible!
Your hound bites Edmund.
Edmund closely misses you.
You hit Edmund.
Edmund looks as sick as possible!
Your hound bites Edmund but does no damage.
Edmund completely misses your hound.
Your hound bites Edmund but does no damage.
You completely miss Edmund.
You kill Edmund!
Your Air Magic skill increases to level 4!
You swap places.
Your crimson imp blinks!
Things that are here:
a +5 dire flail of holy wrath {mace}; a +0 scale mail
y - a +5 dire flail of holy wrath {mace} 😨 HP[+1]
Your +3 dagger of venom {short} stops dripping with poison.
Your +5 dire flail of holy wrath {mace} softly glows with a divine radiance!
y - a +5 dire flail of holy wrath (weapon)
{mace} You start resting. 😨 MP[+1]
Your mp is fully restored (11).
Unknown command.
Key pressed, stopping explore.
Your crimson imp blinks!
Key pressed, stopping explore.
Your crimson imp blinks!
Pikel, Merchant of Souls comes into view.
He is wielding a +0 whip of freezing. 😕 HP[+14]
You regained 14 hp, and now have 34/45 hp.
Pikel shouts!
You closely miss Pikel.
Pikel hits you with a +0 whip of freezing.
Pikel freezes you.
Your hound bites Pikel. 😮 HP[-6]
You take 6 damage, and now have 28/45 hp.
You hit Pikel.
Your hound closely misses Pikel.
Your crimson imp completely misses Pikel.
Pikel hits you with a +0 whip of freezing!
* * * LOW HITPOINT WARNING * * *
Pikel freezes you.
* * * LOW HITPOINT WARNING * * *
Your hound bites Pikel.
Your crimson imp hits Pikel but does no damage.
Pikel completely misses you. 😨 HP[-8]
You take 8 damage, and now have 20/45 hp.
Unknown command.
You hit Pikel.
Your hound barely misses Pikel.
Your hound closely misses Pikel.
Your crimson imp blinks!
Pikel drinks a potion.
Pikel seems to grow stronger.
You puncture Pikel!
Your hound bites Pikel but does no damage.
Pikel hits you with a +0 whip of freezing!
* * * LOW HITPOINT WARNING * * *
Pikel freezes you.
* * * LOW HITPOINT WARNING * * *
Your hound bites Pikel but does no damage. 😱 HP[-17]
You take 17 damage, and now have 3/45 hp.
MASSIVE DAMAGE!! (PAUSE)
You feel much better.
Your hound barely misses Pikel.
Pikel hits you with a +0 whip of freezing!
* * * LOW HITPOINT WARNING * * *
Pikel freezes you.
* * * LOW HITPOINT WARNING * * *
😨 HP[+11]
You regained 11 hp, and now have 14/45 hp.
You hit Pikel.
Your hound barely misses Pikel.
Pikel closely misses you.
Your hound barely misses Pikel.
Unknown command.
You closely miss Pikel.
Your hound bites Pikel but does no damage.
Pikel closely misses you.
Your hound bites Pikel but does no damage.
Pikel hits you with a +0 whip of freezing!
* * * LOW HITPOINT WARNING * * *
Pikel freezes you.
You die...

Skill      XL: |  1  2  3  4  5  6 |
---------------+-------------------+-----
Summonings     | 4 5 |  5.7
Air Magic      | 1 2 3 4 |  4.2
Transmutations | 1 2 |  2.8
Dodging        | |  1.7
Stealth        | |  1.7
Spellcasting   | |  1.7

Action                   |  1- 3 |  4- 6 || total
-------------------------+-------+-------++-------
Melee: Dagger            |    82 |    90 ||   172
       Unarmed           |     2 |       ||     2
       Punch             |     1 |       ||     1
       Dire flail        |       |     6 ||     6
 Cast: Summon Small Mamm |    44 |    42 ||    86
       Call Imp          |     2 |    26 ||    28
       Call Canine Famil |       |     6 ||     6
  Use: Potion            |     6 |     3 ||     9
       Scroll            |     2 |     5 ||     7
 Stab: Sleeping          |     2 |     7 ||     9
       Distracted        |       |     1 ||     1
Armor: Robe              |    15 |    13 ||    28
Dodge: Dodged            |    69 |    73 ||   142

Levels and vault maps discovered:
D:1:      dpeg_arrival_three_bigger_balls, layout_loops_ring
D:2:      layout_rooms
D:3:      layout_loops_corners, mainiacjoe_overflow_paths, minivault_24
D:4:      layout_loops_corners, nicolae_qazlal_scattered_showers, serial_shops,
          shop
D:5:      layout_rooms, serial_shops, nicolae_stop_n_shop_1,
          kennysheep_pointless_box, chequers_serial_rivers_micro_a, hex_large,
          uniq_sigmund, uniq_edmund, uniq_pikel

Notes
Turn   | Place    | Note
-------+----------+-------------------------------------------
     0 | D:1      | spaghetti the Demigod Summoner began the quest for the Orb.
     0 | D:1      | Reached XP level 1. HP: 14/14 MP: 5/5
     0 | D:1      | magus.rc [v1.9.6]
   378 | D:1      | Reached skill level 4 in Summonings
   653 | D:1      | You pick up a book of Dreams and begin reading...
   653 | D:1      | You add the spells Ensorcelled Hibernation, Spider Form and
                  | Anguish to your library.
   751 | D:1      | Reached XP level 2. HP: 14/20 MP: 4/7
  1949 | D:2      | Learned a level 2 spell: Call Imp
  1989 | D:2      | Reached XP level 3. HP: 26/26 MP: 5/8
  2157 | D:2      | You pick up a book of the Sky and begin reading...
  2157 | D:2      | You add the spells Storm Form and Maxwell's Capacitive
                  | Coupling to your library.
  2365 | D:3      | HP: 3/26 [orc priest/divine providence (14)]
  2373 | D:3      | HP: 6/26 [orc priest/divine providence (16)]
  2389 | D:3      | Reached skill level 1 in Air Magic
  2654 | D:3      | HP: 5/26 [orc/+0 hand axe (5)]
  2655 | D:3      | HP: 1/26 [orc/+0 hand axe (4)]
  2964 | D:3      | Identified the ring of Terudim {Ice rN+ Will+ Str-2 SInv}
  3087 | D:3      | Reached XP level 4. HP: 31/33 MP: 5/9
  3147 | D:3      | HP: 8/33 [poisoned by an adder]
  3774 | D:3      | Reached skill level 1 in Transmutations
  4354 | D:4      | Noticed a black bear
  4363 | D:4      | Killed a black bear
  4364 | D:4      | Reached skill level 5 in Summonings
  4364 | D:4      | Reached skill level 2 in Air Magic
  4364 | D:4      | Reached XP level 5. HP: 12/38 MP: 3/10
  5145 | D:4      | Reached skill level 3 in Air Magic
  5226 | D:4      | Reached skill level 2 in Transmutations
  5524 | D:4      | Found Wootziymp's Distillery.
  5537 | D:4      | Bought a potion of mutation for 80 gold pieces
  5595 | D:4      | Reached XP level 6. HP: 27/45 MP: 0/11
  6132 | D:5      | Entered Level 5 of the Dungeon
  6365 | D:5      | Learned a level 3 spell: Call Canine Familiar
  6393 | D:5      | You pick up a book of Maledictions and begin reading...
  6393 | D:5      | You add the spells Tukima's Dance and Enfeeble to your
                  | library.
  6640 | D:5      | You pick up a book of Air and begin reading...
  6640 | D:5      | You add the spells Shock, Swiftness and Airstrike to your
                  | library.
  6969 | D:5      | Found Pesau's Jewellery Boutique.
  7090 | D:5      | Noticed Edmund
  7102 | D:5      | HP: 6/45 [Edmund/+5 dire flail of holy wrath (11)]
  7108 | D:5      | Killed Edmund
  7109 | D:5      | Reached skill level 4 in Air Magic
  7206 | D:5      | Noticed Pikel
  7212 | D:5      | HP: 7/45 [Pikel/+0 whip of freezing (13)]
  7212 | D:5      | HP: 3/45 [Pikel/+0 whip of freezing (4)]
  7215 | D:5      | Slain by Pikel

Vanquished Creatures
  Edmund (D:5)
  2 lemures (D:5)
  A scorpion (D:5)
  3 adders
  2 worms (D:2)
  A dart slug (D:1)
  4 orcs
  3 bats (D:2)
  5 endoplasms
  2 giant cockroaches (D:4)
  5 goblins
  2 hobgoblins
  A jackal (D:4)
  2 kobolds
  3 quokkas
  A ball python (D:3)
  3 frilled lizards
  2 rats (D:3)
43 creatures vanquished.

Vanquished Creatures (collateral kills)
  A black bear (D:4)
  2 orc priests
  3 iguanas
  An orc wizard (D:5)
  3 adders
  A worm (D:2)
  3 dart slugs
  8 orcs
  An endoplasm (D:4)
  3 goblins
  4 hobgoblins
  3 jackals (D:4)
  2 quokkas
  2 bats
  A rat (D:2)
38 creatures vanquished.

Grand Total: 81 creatures vanquished

Table legend:
 A = Non-vault XP
 B = Vault XP
 C = Vault XP percentage of total XP
 D = Non-vault monster count
 E = Vault monster count
 F = Vault count percentage of total count
                 A         B        C        D         E       F
            +---------+---------+-------+---------+---------+-------
      Total |     666 |     157 |  19.1 |      78 |       1 |   1.3
            +---------+---------+-------+---------+---------+-------
        D:1 |      25 |       0 |   0.0 |      12 |       0 |   0.0
        D:2 |      36 |       0 |   0.0 |      15 |       0 |   0.0
        D:3 |      93 |       0 |   0.0 |      16 |       0 |   0.0
        D:4 |     323 |       0 |   0.0 |      26 |       0 |   0.0
        D:5 |     189 |     157 |  45.4 |       9 |       1 |  10.0
            +---------+---------+-------+---------+---------+-------

Illustrated notes

Table legend:
 A = Kills in this place as a percentage of kills in entire the game.
 B = Kills by you in this place as a percentage of kills by you in the entire game.
 C = Kills by friends in this place as a percentage of kills by friends in the entire game.
 D = Other kills in this place as a percentage of other kills in the entire game.
 E = Experience gained in this place as a percentage of experience gained in the entire game.
 F = Experience gained in this place divided by the number of levels of this place that you have seen.
                   A       B       C       D       E      F
               +-------+-------+-------+-------+-------+----------------------
         Total | 100.0 | 100.0 | 100.0 |   N/A | 100.0 | 164.6
       Dungeon | 100.0 | 100.0 | 100.0 |   N/A | 100.0 | 164.6
               +-------+-------+-------+-------+-------+----------------------

Table legend: (Time is in decaauts)
 A = Elapsed time spent in this place.
 B = Non-inter-level travel time spent in this place.
 C = Inter-level travel time spent in this place.
 D = Time resting spent in this place.
 E = Time spent auto-exploring this place.
 F = Levels seen in this place.
 G = Mean time per level.
                   A        B        C        D        E       F      G
               +--------+--------+--------+--------+--------+-----+--------+
         Total |   7206 |   6960 |    246 |   1612 |   4392 |   5 | 1441.2 |
       Dungeon |   7206 |   6960 |    246 |   1612 |   4392 |   5 | 1441.2 |
               +--------+--------+--------+--------+--------+-----+--------+

Top non-repeatable levels by time:
     D:3: 2199 daAuts
     D:4: 1619 daAuts
     D:1: 1442 daAuts
     D:2: 1049 daAuts
     D:5: 894 daAuts
